 Dungeon Crawl Stone Soup version 0.20.1-1-g8b1a95d (webtiles) character file.

9515 vineage the Basher (level 11, -15/89 HPs)
             Began as a Demonspawn Gladiator on Aug 3, 2017.
             Was an Elder of Okawaru.
             Demolished by a phantasmal warrior (28 damage)
             ... on level 11 of the Dungeon on Aug 4, 2017.
             The game lasted 00:29:11 (11913 turns).

vineage the Basher (Demonspawn Gladiator)          Turns: 11913, Time: 00:29:12

Health: -15/89     AC: 11    Str: 15    XL:     11   Next: 24%
Magic:  0/11       EV: 15    Int: 11    God:    Okawaru [****..]
Gold:   669        SH: 12    Dex: 14    Spells: 10/10 levels left

rFire    + . .     SeeInvis .   o - +6 flail
rCold    . . .     Gourm    .   c - +0 large shield
rNeg     + . .     Faith    .   a - +1 leather armour "Qoitom" {rN+}
rPois    +         Spirit   +   G - +1 helmet of Haown {rElec rPois Str-2}
rElec    +         Reflect  .   J - +0 cloak
rCorr    .         Harm     .   i - +0 pair of gloves
MR       .....                  (no boots)
Stlth    +++++.....             (no amulet)
Regen    0.3/turn               w - +1 ring of slaying
MPRegen  0.3/turn               m - +4 ring of evasion

@: no status effects
A: claws 2, talons 1, iridescent scales 1, fire resistance 1, nightstalker 2,
magic shield, magic regeneration
a: Heroism, Renounce Religion


You were on level 11 of the Dungeon.
You worshipped Okawaru.
Okawaru was greatly pleased with you.
You were not hungry.

You visited 2 branches of the dungeon, and saw 12 of its levels.

You collected 1157 gold pieces.
You spent 488 gold pieces at shops.

Inventory:

Hand Weapons
 o - a +6 flail (weapon)
 r - a +3 morningstar
 C - a +1 dagger of distortion
Missiles
 d - 7 throwing nets (quivered)
Armour
 a - the +1 leather armour "Qoitom" (worn) {rN+}
   (You bought it in a shop on level 9 of the Dungeon)

   It protects you from negative energy.
 c - a +0 large shield (worn)
 i - a +0 pair of gloves (worn)
 l - a +1 leather armour of fire resistance
 G - the +1 helmet of Haown (worn) {rElec rPois Str-2}
   (You found it on level 8 of the Dungeon)

   It affects your strength (-2).
   It insulates you from electricity.
   It protects you from poison.
 J - a +0 cloak (worn)
Jewellery
 h - an uncursed ring of stealth
 m - a +4 ring of evasion (right hand)
 t - an uncursed ring of flight
 w - a +1 ring of slaying (left hand)
Scrolls
 b - a scroll of amnesia {unknown}
 e - 2 scrolls of recharging {unknown}
 k - 2 scrolls of teleportation
 n - a scroll of random uselessness
 s - 3 scrolls of enchant weapon
 u - 3 scrolls of enchant armour
 x - a scroll of fear
 y - 8 scrolls of identify
 A - 5 scrolls of remove curse
 H - a scroll of vulnerability
Potions
 D - a potion of magic
Books
 g - a book of Maledictions

   Spells                             Type                      Level
   a - Corona                         Hexes                        1
   b - Ensorcelled Hibernation        Hexes/Ice                    2
   c - Confuse                        Hexes                        3
   d - Tukima's Dance                 Hexes                        3
   e - Dazzling Spray                 Conjuration/Hexes            3
 E - a book of Changes

   Spells                             Type                      Level
   a - Beastly Appendage              Transmutation                1
   b - Sticks to Snakes               Transmutation                2
   c - Spider Form                    Transmutation/Poison         3
   d - Ice Form                       Ice/Transmutation            4
   e - Blade Hands                    Transmutation                5
Comestibles
 f - 8 bread rations
 p - 3 meat rations
 v - a royal jelly


   Skills:
 * Level 9.0 Fighting
 + Level 9.3(9.9) Maces & Flails
   Level 5.1(7.9) Staves
 - Level 1.9 Throwing
 + Level 4.5 Armour
 + Level 6.4 Dodging
 + Level 5.9 Stealth
 + Level 2.0 Shields


You had 10 spell levels left.
You didn't know any spells.

Dungeon Overview and Level Annotations

Branches:
Dungeon (11/15)            Temple (1/1) D:7            Lair (0/6) D:11
    Orc: D:9-12

Altars:
Ashenzari
Cheibriados
Dithmenos
Elyvilon
Fedhas
Gozag
Hepliaklqana
Kikubaaqudgha
Makhleb
Nemelex Xobeh
Okawaru
Qazlal
Ru
Sif Muna
Trog
Uskayaw
Vehumet
Xom
Yredelemnul
Zin
The Shining One

Shops:
D:6 =   D:9 [[:!*


Innate Abilities, Weirdness & Mutations

You have very sharp fingernails.
You are partially covered in iridescent scales. (AC +2)
You are significantly more attuned to the shadows.
When hurt, damage is shared between your health and your magic reserves.
You regenerate magic rapidly.
You have sharp toenails.
Your flesh is heat resistant. (rF+)


Message History

The yak barely misses you. The yak gores you.
A phantasmal warrior and a zombie come into view.
The phantasmal warrior blinks!
The bullfrog barely misses you.
You feel like a meek peon again. The yak gores you!
The phantasmal warrior hits you!!
* * * LOW HITPOINT WARNING * * *
The bullfrog barely misses you. The phantasmal warrior hits you!
* * * LOW HITPOINT WARNING * * *
Something hits the plant but does no damage. x2
You block the phantasmal warrior's attack.
The bullfrog hits the plant but does no damage.
You block the bullfrog's attack.
The bullfrog hits the plant but does no damage.
The phantasmal warrior blinks!
The bullfrog closely misses you.
The phantasmal warrior completely misses you.
The bullfrog misses you.
You block the phantasmal warrior's attack.
You block the bullfrog's attack. The phantasmal warrior hits you!!
You die...

..P.PP.......PPPP..
PF.PPPP......P.P.P.
.P..P......Zo....P#
#P...........ZP.#
###..........r.#
###....P..#.t#####
##########.####)t....[
......WYY.rt..........
.....@FF..Y...(.######
........Yho...(.#
...............(#
................#
...............:#
#################


You could see a phantasmal warrior, 4 yaks, a black bear, 2 bullfrogs, a
porcupine and an orc.

Vanquished Creatures
  A two-headed ogre (D:8)
  The ghost of vineage the Frost Mage, a novice DsGl of Uskayaw (D:8)
  The ghost of vineage the Covered, a novice DsGl of Trog (D:6)
  2 hornets (D:10)
  Prince Ribbit (D:6)
  A hippogriff (D:10)
  Eustachio (D:4)
  11 yaks
  A hungry ghost (D:7)
  2 steam dragons
  A water moccasin (D:9)
  A porcupine (D:11)
  5 orc warriors
  4 ice beasts
  A black bear (D:7)
  A sky beast (D:9)
  6 ogres
  5 centaurs
  A gnoll sergeant (D:6)
  3 bullfrogs
  7 scorpions
  16 wights
  A howler monkey (D:9)
  6 crimson imps
  6 hounds
  A jelly (D:9)
  6 orc wizards
  4 orc priests
  A gnoll shaman (D:8)
  2 bullfrog skeletons
  3 iguanas
  8 worker ants
  2 hound skeletons
  A howler monkey skeleton (D:6)
  A worker ant zombie (D:8)
  10 gnolls
  10 adders
  2 shadow imps (D:5)
  A white imp (D:9)
  3 oozes
  An adder zombie (D:6)
  4 worms
  2 dart slugs
  6 leopard geckos
  46 orcs
  3 ball pythons
  4 giant cockroaches
  9 goblins
  8 hobgoblins
  12 jackals
  4 quokkas
  6 bats
  A frilled lizard (D:3)
  7 kobolds
  A leopard gecko zombie (D:7)
  A quokka skeleton (D:5)
  6 rats
262 creatures vanquished.

Vanquished Creatures (others)
  50 fungi (D:11)
  29 plants (D:11)
79 creatures vanquished.

Grand Total: 341 creatures vanquished

Notes
Turn   | Place    | Note
-------+----------+-------------------------------------------
     0 | D:1      | vineage the Demonspawn Gladiator began the quest for the Orb.
     0 | D:1      | Reached XP level 1. HP: 16/16 MP: 1/1
    32 | D:1      | Gained mutation: You have sharp fingernails. [demonic ancestry]
    32 | D:1      | Reached XP level 2. HP: 22/22 MP: 2/2
   627 | D:2      | Gained mutation: You are slightly more attuned to the shadows. [demonic ancestry]
   627 | D:2      | Reached XP level 3. HP: 20/27 MP: 3/3
  1403 | D:2      | Found a shattered altar of Ashenzari.
  1407 | D:2      | Found a snail-covered altar of Cheibriados.
  1410 | D:2      | Found a sacrificial altar of Ru.
  1844 | D:3      | Found a glowing silver altar of Zin.
  1874 | D:3      | Reached XP level 4. HP: 29/34 MP: 4/4
  2253 | D:3      | Reached skill level 1 in Stealth
  2263 | D:3      | Gained mutation: You are significantly more attuned to the shadows. [demonic ancestry]
  2263 | D:3      | Reached XP level 5. HP: 27/40 MP: 5/5
  2284 | D:3      | Found a glowing golden altar of the Shining One.
  2360 | D:3      | Found a faded altar of an unknown god.
  2394 | D:3      | Became a worshipper of Gozag Ym Sagoz the Greedy
  2572 | D:4      | Reached skill level 1 in Armour
  2609 | D:4      | HP: 1/41 [iguana (13)]
  3013 | D:4      | Gained mutation: You have very sharp fingernails. [demonic ancestry]
  3013 | D:4      | Reached XP level 6. HP: 27/47 MP: 6/6
  3308 | D:4      | Noticed Eustachio
  3358 | D:4      | Killed Eustachio
  3358 | D:4      | Gained mutation: When hurt, damage is shared between your health and your magic reserves. [demonic ancestry]
  3358 | D:4      | Reached XP level 7. HP: 53/53 MP: 7/7
  3410 | D:4      | Gained mutation: Your flesh is heat resistant. (rF+) [potion of mutation]
  3410 | D:4      | Gained mutation: You have sharp toenails. [potion of mutation]
  3581 | D:5      | Entered Level 5 of the Dungeon
  3654 | D:5      | Reached skill level 5 in Staves
  4276 | D:5      | Reached skill level 1 in Maces & Flails
  4460 | D:6      | Noticed vineage's ghost (novice DsGl)
  4915 | D:6      | Reached XP level 8. HP: 43/61 MP: 6/8
  4953 | D:6      | HP: 1/61 [gnoll/spear (6)]
  5345 | D:6      | Noticed Prince Ribbit
  5395 | D:6      | Reached skill level 5 in Fighting
  5711 | D:6      | Killed Prince Ribbit
  5741 | D:6      | Found Qonaow's Jewellery Boutique.
  5746 | D:6      | Bought a +1 ring of slaying for 84 gold pieces
  5849 | D:6      | Killed vineage's ghost
  5849 | D:6      | Reached skill level 5 in Maces & Flails
  5849 | D:6      | Reached XP level 9. HP: 37/69 MP: 6/9
  5927 | D:6      | Reached skill level 5 in Dodging
  6744 | D:7      | Found a staircase to the Ecumenical Temple.
  6759 | Temple   | Entered the Ecumenical Temple
  6854 | Temple   | Fell from the grace of Gozag
  6854 | Temple   | Became a worshipper of Warmaster Okawaru
  7308 | D:7      | Reached skill level 5 in Stealth
  7524 | D:7      | Reached * piety under Okawaru
  7632 | D:8      | Got a shimmering helmet
  7643 | D:8      | Identified the +1 helmet of Haown {rElec rPois Str-2} (You found it on level 8 of the Dungeon)
  7644 | D:8      | Noticed vineage's ghost (novice DsGl)
  7673 | D:8      | Killed vineage's ghost
  7673 | D:8      | Reached ** piety under Okawaru
  7673 | D:8      | Gained mutation: You regenerate magic rapidly. [demonic ancestry]
  7673 | D:8      | Reached XP level 10. HP: 21/79 MP: 5/10
  8216 | D:8      | Noticed a two-headed ogre
  8226 | D:8      | Killed a two-headed ogre
  8936 | D:9      | Found Doduada's Armour Shoppe.
  8941 | D:9      | Bought the +1 leather armour "Qoitom" {rN+} for 200 gold pieces
  9011 | D:9      | Found Muhozis's Book Emporium.
  9316 | D:9      | Found Unaa's General Store.
  9322 | D:9      | Bought a scroll of identify for 24 gold pieces
  9322 | D:9      | Bought a scroll of identify for 24 gold pieces
  9619 | D:9      | Found Kigobb's Armour Shoppe.
 10114 | D:9      | Found Heulau's Distillery.
 10117 | D:9      | Bought a potion of curing for 39 gold pieces
 10117 | D:9      | Bought a potion of curing for 39 gold pieces
 10117 | D:9      | Bought a potion of curing for 39 gold pieces
 10117 | D:9      | Bought a potion of curing for 39 gold pieces
 10325 | D:9      | Reached *** piety under Okawaru
 10660 | D:10     | Entered Level 10 of the Dungeon
 10719 | D:10     | Was forgiven by Gozag
 10719 | D:10     | Reached skill level 1 in Shields
 10989 | D:10     | Gained mutation: You are partially covered in iridescent scales. (AC +2) [demonic ancestry]
 10989 | D:10     | Reached XP level 11. HP: 26/87 MP: 6/11
 11005 | D:10     | Reached **** piety under Okawaru
 11602 | D:11     | Found a staircase to the Lair.
 11904 | D:11     | Noticed a phantasmal warrior
 11913 | D:11     | Demolished by a phantasmal warrior

Skill      XL: |  1  2  3  4  5  6  7  8  9 10 11 |
---------------+----------------------------------+-----
Staves         | 3 4 5 |  5.1
Dodging        | 3 4 5 6 |  6.4
Stealth        | 1 2 3 5 |  5.9
Fighting       | 3 4 5 7 8 9 |  9.0
Armour         | 1 2 3 4 |  4.5
Maces & Flails | 2 5 7 9 |  9.3
Shields        | 1 2 |  2.0
Throwing       | |  1.9

Action                   |  1- 3 |  4- 6 |  7- 9 | 10-12 || total
-------------------------+-------+-------+-------+-------++-------
Melee: Quarterstaff      |   139 |   130 |    11 |       ||   280
       Flail             |       |       |   320 |   349 ||   669
       Kick              |       |       |    97 |    97 ||   194
Invok: Potion Petition   |       |     1 |       |       ||     1
       Heroism           |       |       |       |     2 ||     2
  Use: Potion            |       |     9 |     5 |     7 ||    21
       Scroll            |       |       |    10 |     4 ||    14
 Stab: Sleeping          |     7 |     8 |    30 |     7 ||    52
       Distracted        |       |       |       |     1 ||     1
  Eat: Chunk             |     2 |       |     2 |     1 ||     5
       Royal jelly       |     1 |       |       |     2 ||     3
       Meat ration       |       |     1 |     1 |     1 ||     3
       Bread ration      |       |       |     1 |     1 ||     2
       Fruit             |       |       |     2 |     4 ||     6
Armor: Leather armour    |    37 |    49 |    44 |    92 ||   222
       Skin              |       |     2 |       |       ||     2
Dodge: Dodged            |   115 |   110 |   240 |   240 ||   705
Block: Large shield      |       |       |       |   140 ||   140
